 Dungeon Crawl Stone Soup version 0.20.0-15-g7f486f2 (webtiles) character file.

51 Chiseanne the Caller (level 3, 1/27 HPs)
             Began as a Demonspawn Wanderer on June 22, 2017.
             Quit the game on level 3 of the Dungeon.
             The game lasted 00:02:01 (1178 turns).

Chiseanne the Caller (Demonspawn Wanderer)          Turns: 1178, Time: 00:02:01

Health: 1/27       AC:  8    Str:  9    XL:     3   Next: 58%
Magic:  3/3        EV:  8    Int: 23    God:
Gold:   72         SH:  0    Dex: 11    Spells: 2/2 levels left

rFire    + . .     SeeInvis .   c - +0 mace
rCold    + + .     Gourm    .   (no shield)
rNeg     . . .     Faith    .   a - +2 scale mail
rPois    +         Spirit   .   (no helmet)
rElec    +         Reflect  .   (no cloak)
rCorr    +         Harm     .   (no gloves)
MR       .....                  (no boots)
Stlth    +.........             (no amulet)
Regen    0.1/turn               (no ring)
MPRegen  0.1/turn               (no ring)

@: brilliant, lethally poisoned (1 -> -2), resistant
A: hooves 1, camouflage 1, blurry vision 1, cold resistance 1
a: no special abilities


You were on level 3 of the Dungeon.
You were very hungry.

You visited 1 branch of the dungeon, and saw 3 of its levels.

You collected 72 gold pieces.

Inventory:

Hand Weapons
 c - a +0 mace (weapon)
 j - a +1 dagger of draining
Missiles
 e - 14 stones (quivered)
 m - 17 arrows
Armour
 a - a +2 scale mail (worn)
Scrolls
 b - a scroll of teleportation
 f - a scroll of enchant armour {unknown}
 i - 2 scrolls of identify {unknown}
Comestibles
 d - 2 bread rations
 l - a meat ration


   Skills:
 * Level 2.0 Fighting
 - Level 2.6 Maces & Flails
 * Level 2.5 Armour
 * Level 1.1 Dodging
   Level 1.0 Shields
   Level 3.0 Summonings
   Level 1.0 Evocations


You had 2 spell levels left.
You didn't know any spells.

Dungeon Overview and Level Annotations

Branches:
Dungeon (3/15)

Altars:


Innate Abilities, Weirdness & Mutations

You have large cloven feet.
Your flesh is cold resistant. (rC+)
Your skin changes colour to match your surroundings (Stealth+).
Scrolls take you a little longer to read.


Message History

You feel stupid. The antennae on your head shrink away.
Your fingernails shrink to normal size.
Your vision blurs.
Your skin functions as natural camouflage.
* * * LOW HITPOINT WARNING * * *
You feel sick.
* * * LOW HITPOINT WARNING * * *
You feel sick.
You are feeling very hungry.
* * * LOW HITPOINT WARNING * * *
You feel sick.
* * * LOW HITPOINT WARNING * * *
You feel sick.
* * * LOW HITPOINT WARNING * * *
You feel sick.
There is a stone staircase leading down here.
You climb downwards.
There is a stone staircase leading up here.
* * * LOW HITPOINT WARNING * * *
You feel sick.
Are you sure you want to abandon this character and quit the game? (Confirm with "yes".)

#.# #.# #.#
#.# #.#
#.####### #
###........
#.#..@.......
#..<..#######
###.#.# #.#.#
#.#.# .....
#.### #.# #.#


There were no monsters in sight!

Vanquished Creatures
  3 adders (D:2)
  2 bats (D:1)
  2 giant cockroaches
  6 goblins
  3 hobgoblins
  2 kobolds (D:1)
  A ball python (D:1)
  A frilled lizard (D:1)
  3 rats
23 creatures vanquished.

Notes
Turn   | Place    | Note
-------+----------+-------------------------------------------
     0 | D:1      | Chiseanne the Demonspawn Wanderer began the quest for the Orb.
     0 | D:1      | Chiseanne set off with: a +2 scale mail, a scroll of teleportation, a +0 mace, a bread ration
     0 | D:1      | Reached XP level 1. HP: 13/13 MP: 1/1
   271 | D:1      | Gained mutation: Your flesh is cold resistant. (rC+) [demonic ancestry]
   271 | D:1      | Reached XP level 2. HP: 20/20 MP: 2/2
   323 | D:1      | Reached skill level 1 in Fighting
   671 | D:2      | Gained mutation: You have large cloven feet. [demonic ancestry]
   671 | D:2      | Reached XP level 3. HP: 21/26 MP: 3/3
   830 | D:2      | Reached skill level 1 in Dodging
  1161 | D:2      | Gained mutation: Your mind is acute. (Int +2) [potion of mutation]
  1161 | D:2      | Gained mutation: You have a pair of small antennae on your head. [potion of mutation]
  1161 | D:2      | Gained mutation: You have sharp fingernails. [potion of mutation]
  1163 | D:2      | Lost mutation: Your mind is acute. (Int +2) [potion of mutation]
  1163 | D:2      | Lost mutation: You have a pair of small antennae on your head. [potion of mutation]
  1163 | D:2      | Lost mutation: You have sharp fingernails. [potion of mutation]
  1163 | D:2      | Gained mutation: Scrolls take you a little longer to read. [potion of mutation]
  1163 | D:2      | Gained mutation: Your skin changes colour to match your surroundings (Stealth+). [potion of mutation]
  1173 | D:2      | HP: 1/27 [poisoned by an adder]
  1178 | D:3      | Quit the game

Skill      XL: |  1  2  3 |
---------------+----------+-----
Armour         | 2 |  2.5
Fighting       | 1 2 |  2.0
Dodging        | 1 |  1.1
Maces & Flails | |  2.6
Shields        | |  1.0
Summonings     | |  3.0
Evocations     | |  1.0

Action                   || total
-------------------------++-------
Melee: Mace              ||   112
       Kick              ||     9
  Use: Potion            ||     4
Armor: Scale mail        ||    76
Dodge: Dodged            ||    59
